 Dungeon Crawl Stone Soup version 0.29-a0-110-g189f89ecda (webtiles) character file.

Game seed: 14730616012816587316

3 Gargoyl the Skirmisher (level 1, -1/14 HPs)
             Began as a Gargoyle Abyssal Knight on Feb 17, 2022.
             Was an Initiate of Lugonu.
             Slain by a quokka (3 damage)
             ... on level 1 of the Dungeon.
             The game lasted 00:00:13 (118 turns).

Gargoyl the Skirmisher (Gargoyle Abyssal Knight)     Turns: 118, Time: 00:00:13

Health: -1/14      AC:  5    Str: 16    XL:     1   Next: 50%
Magic:  2/2        EV: 11    Int: 10    God:    Lugonu [......]
Gold:   13         SH:  0    Dex: 10    Spells: 0/0 levels left

rFire   . . .      SeeInvis .   a - +1 hand axe
rCold   . . .      Faith    .   (no shield)
rNeg    + . .      Spirit   .   b - +0 leather armour
rPois   ∞          Reflect  .   (no helmet)
rElec   +          Harm     .   (no cloak)
rCorr   +          Rampage  .   (no gloves)
Will    .....                   (no boots)
Stlth   +.........              (no amulet)
HPRegen 0.04/turn               c - ring of resist corrosion
MPRegen 0.08/turn               (no ring)

@: no status effects
A: sickness immunity, AC +2, negative energy resistance 1, electricity
resistance, torment resistance 1, petrification resistance
a: Renounce Religion


You were on level 1 of the Dungeon.
You worshipped Lugonu.
Lugonu was noncommittal.
You visited 1 branch of the dungeon, and saw 1 of its levels.
You visited the Abyss 1 time.

You collected 13 gold pieces.

Inventory:

Hand Weapons
 a - a +1 hand axe (weapon)
Armour
 b - a +0 leather armour (worn)
Jewellery
 c - a ring of resist corrosion (left hand)


   Skills:
 + Level 3.5 Fighting
 + Level 1.7 Axes
 + Level 2.1 Armour
 + Level 0.7 Dodging
 + Level 2.0 Invocations


You couldn't memorise any spells.
You didn't know any spells.
Your spell library was empty.

Dungeon Overview and Level Annotations

Branches:
Dungeon (1/15)

Altars:


Innate Abilities, Weirdness & Mutations

You are immune to sickness and miasma.
Your stone body is resilient. (AC +2)
You are immune to poison.
You resist negative energy. (rN+)
You are resistant to electric shocks. (rElec)
You are resistant to unholy torment.
You are immune to petrification.


Message History

Lugonu accepts your kill.
Things that are here:
a ball python corpse; a quokka corpse You see here a +0 hand axe.
A goblin and a quokka come into view.
Found a scroll labelled POLOGI ROTIN.
Found a stone staircase leading down.
There are monsters nearby!
There are monsters nearby!
A quokka and a bat come into view.
The quokka bites you.
The bat moves out of view.
The quokka closely misses you.
You barely miss the goblin. You barely miss the quokka.
The bat barely misses you. The quokka barely misses you.
The goblin hits you with a +0 dagger.
Unknown command.
You miss the goblin. You closely miss the quokka. The bat closely misses you.
The quokka bites you but does no damage.
The goblin barely misses you. The quokka bites you.
The quokka barely misses you.
You slash the goblin!
You kill the goblin!
Lugonu accepts your kill.
You hit the quokka. x2; The bat barely misses you.
The quokka bites you. x2
* * * LOW HITPOINT WARNING * * *
Unknown command.
The bat hits you but does no damage. The quokka closely misses you. x2
The quokka misses you.
Things that are here:
a +0 dagger; a goblin corpse Unknown command.
You closely miss the bat. You closely miss the quokka. x2
The bat barely misses you. The quokka closely misses you. The quokka bites you.
* * * LOW HITPOINT WARNING * * *
The quokka misses you. The bat misses you. The bat hits you but does no damage.
You slash the bat!
You kill the bat!
Lugonu accepts your kill.
You hit the quokka. The quokka barely misses you. The quokka bites you.
You die...

###### ÷....# # ÷<÷..#
.### ÷...÷# . #...
÷#÷.÷# ..## #...
.#÷..# #...#####..# .
÷#.÷.# #.........# ...
.>...#
#....?.r###.....
###÷##
#####..r@†...... # #+#
##......####..... #
#.####..####..........
###......######>.#..#.
. .).................
# #..(...#########..##
#.####..^..... ....
#.# ######### ..###
#.# #.#


You could see 2 quokkas.

Vanquished Creatures
  A bat (D:1)
  A goblin (D:1)
  A quokka (D:1)
  A ball python (D:1)
4 creatures vanquished.

Notes
Turn   | Place    | Note
-------+----------+-------------------------------------------
     0 | Abyss:1  | Gargoyl the Gargoyle Abyssal Knight began the quest for the
                  | Orb.
     0 | Abyss:1  | Reached XP level 1. HP: 14/14 MP: 2/2
    49 | Abyss:2  | Noticed an ancient zyme
    50 | D:1      | Escaped the Abyss
   118 | D:1      | Slain by a quokka

Illustrated notes

Levels and vault maps discovered:
D:1:      heliophobic_arrival_battle_scene, layout_rooms

Action                   || total
-------------------------++-------
Melee: Hand axe          ||     7
Invok: Depart the Abyss  ||     1
Armor: Leather armour    ||     3
Dodge: Dodged            ||    17

Table legend: (Time is in decaauts)
 A = Elapsed time spent in this place.
 B = Non-inter-level travel time spent in this place.
 C = Inter-level travel time spent in this place.
 D = Time resting spent in this place.
 E = Time spent auto-exploring this place.
 F = Levels seen in this place.
 G = Mean time per level.
                   A        B        C        D        E       F      G
               +--------+--------+--------+--------+--------+-----+--------+
         Total |    118 |    118 |      0 |      0 |     83 |   3 |   39.3 |
       Dungeon |     68 |     68 |      0 |      0 |     44 |   1 |   68.0 |
         Abyss |     49 |     49 |      0 |      0 |     39 |   2 |   24.5 |
               +--------+--------+--------+--------+--------+-----+--------+

Top non-repeatable levels by time:
     D:1: 68 daAuts
 Abyss:2: 41 daAuts
 Abyss:1: 8 daAuts
